 Dungeon Sprint DCSS version 0.29.1-4-g47bece8355 (webtiles) character file.

Game seed: 18129211420171249716

3 Groucho the Scratcher (level 1, 0/9 HPs)
             Began as a Felid Transmuter on Dec 11, 2022.
             Constricted to death by a ball python (1 damage)
             ... in the Dungeon (Sprint IX: "|||||||||||||||||||||||||||||").
             The game lasted 00:00:23 (24 turns).

Groucho the Scratcher (Felid Transmuter)              Turns: 24, Time: 00:00:23

Health: 0/9        AC:  1    Str:  6    XL:     1   Next: 41%
Magic:  4/4        EV: 15    Int: 14    God:
Gold:   0          SH:  0    Dex: 16    Spells: 3/4 levels left
                                        Lives:  0   Deaths: 0

rFire   . . .      SeeInvis +     - Unarmed
rCold   . . .      Faith    .   (shield unavailable)
rNeg    . . .      Spirit   .   (body armour unavailable)
rPois   .          Reflect  .   (helmet unavailable)
rElec   .          Harm     .   (cloak unavailable)
rCorr   .          Rampage  .   (gloves unavailable)
Will    .....      NoTele   +   (boots unavailable)
Stlth   ++........              (no amulet)
HPRegen 0.03/turn               (no ring)
MPRegen 0.09/turn               (no ring)

@: constricted, quick
A: very small, claws 1, fangs 3, see invisible, speed 1, shaggy fur 1, stealthy
paws, no weapons or thrown items, no armour, multi-lived
a: no special abilities


You were in the Dungeon.
You visited 1 branch

Inventory:

Scrolls
 g - a scroll of blinking
Potions
 a - a potion of lignification
 b - a potion of curing
 c - a potion of heal wounds
 d - a potion of haste
 e - 2 potions of magic
 f - a potion of berserk rage


   Skills:
 + Level 1.3 Fighting
 * Level 3.2 Dodging
 * Level 1.6 Stealth
 * Level 3.2 Unarmed Combat
 + Level 2.1 Spellcasting
 * Level 2.6 Transmutations


You had 3 spell levels left.
You knew the following spells:

 Your Spells              Type           Power      Damage    Failure   Level
a - Beastly Appendage     Tmut           16%        N/A       9%          1

Your spell library contained the following spells:

 Spells                   Type           Power      Damage    Failure   Level
 Wereblood                Tmut           8%         N/A       12%         2
 Spider Form              Tmut/Pois      5%         N/A       38%         3
 Ice Form                 Ice/Tmut       5%         N/A       80%         4


Dungeon Overview and Level Annotations

Branches:
Dungeon (1/1)

Altars:


Innate Abilities, Weirdness & Mutations

You have sharp claws.
You have razor-sharp teeth.
You have supernaturally acute eyesight. (SInv)
You cover ground quickly. (Speed+)
You are covered in fur. (AC +1)
Your paws help you pounce on unaware monsters.
You are incapable of wielding weapons or throwing items.
You cannot wear armour.
You gain extra lives every three experience levels.


Message History

You barely miss the bat. You claw the bat.
You kill the bat!
Your Dodging skill increases to level 3!
Your Stealth skill increases to level 1!
You scratch the ball python.
You kill the ball python!
The rat barely misses you.
There is an open door to the Dungeon here.
You scratch the rat.
You kill the rat!
The bat hits you.
You barely miss the bat. The bat closely misses you. x2
You scratch the bat but do no damage. Your bite misses the bat.
The bat barely misses you. The bat misses you.
You barely miss the bat. The bat hits you but does no damage.
You closely miss the bat. Your bite misses the bat. The bat closely misses you.
The bat hits you. The bat closely misses you.
You scratch the bat.
You kill the bat!
You barely miss the ball python.
The ball python completely misses you. x2
You barely miss the ball python. The ball python barely misses you.
The ball python misses you. The ball python closely misses you.
The ball python completely misses you.
You scratch the ball python.
The ball python is moderately wounded.
The ball python closely misses you. The ball python grabs you.
The ball python constricts you.
You are too injured to fight recklessly!
You are too injured to fight recklessly!
You are too injured to fight recklessly!
You are too injured to fight recklessly!
You scratch the ball python but do no damage.
The ball python closely misses you. The ball python constricts you.
You barely miss the ball python. The ball python bites you.
* * * LOW HITPOINT WARNING * * *
The ball python constricts you.
* * * LOW HITPOINT WARNING * * *
You scratch the ball python but do no damage.
The ball python closely misses you. The ball python constricts you.
You die...

▓▓▓
▓<▓
▓.▓
▓.▓
▓.▓
▓@▓
▓S▓
▓.▓
▓.▓
▓.▓
▓.▓
▓+▓


You could see a ball python.

Vanquished Creatures
  2 bats (D)
  A ball python (D)
  A rat (D)
4 creatures vanquished.

Notes
Turn   | Place    | Note
-------+----------+-------------------------------------------
     0 | D        | Groucho the Felid Transmuter began the quest for the Orb.
     0 | D        | Reached XP level 1. HP: 9/9 MP: 4/4
    11 | D        | Reached skill level 1 in Stealth
    24 | D        | Constricted to death by a ball python

Illustrated notes

Levels and vault maps discovered:
D:        linesprint [early_d, line_temple, items_1, d_10, items_2, lair_1,
          lair_end, items_3, orc_1, orc_end, items_4, d_15, swamp_1, shoals_1,
          snake_1, spider_1, d_20, vaults_1, items_5, swamp_end, shoals_end,
          snake_end, spider_end, vaults_end, d_27, items_6, zot_1, zot_end,
          crypt_end, forest_end, elf_end, slime_end, tomb_end, abyss_end,
          pan_hell_end]

Skill      XL: |  1 |
---------------+----+-----
Dodging        | 3 |  3.2
Stealth        | 1 |  1.6
Fighting       | |  1.3
Unarmed Combat | |  3.2
Spellcasting   | |  2.1
Transmutations | |  2.6

Action                   || total
-------------------------++-------
Melee: Unarmed           ||    20
       Punch             ||     1
Armor: Skin              ||     2
Dodge: Dodged            ||    23
